 Dungeon Crawl Stone Soup version 0.31-a0-967-g7f5505f (webtiles) character file.

Game seed: 1021399904847170469

124250 Geeful the Impaler (level 16, 0/152 HPs)
             Began as a Minotaur Gladiator on Oct 26, 2023.
             Was the Champion of Wu Jian.
             Succumbed to a fenstrider witch's poison
             ... on level 3 of the Swamp.
             The game lasted 01:13:23 (23787 turns).

Geeful the Impaler (Minotaur Gladiator)            Turns: 23787, Time: 01:13:23

Health: 0/152      AC: 39    Str: 30    XL:     16   Next: 38%
Magic:  15/15      EV: 13    Int:  1    God:    Wu Jian [******]
Gold:   2069       SH:  5    Dex: 15    Spells: 15/15 levels left

rFire   + . .        u - +7 halberd of Ambiguity {distort, +Blink rPois rN+ Int-4}
rCold   + + +        (shield currently unavailable)
rNeg    + . .        I - +4 crystal plate armour {rC+}
rPois   +            c - +1 hat
rElec   +            R - scarf {rC+ rF+}
rCorr   .            w - +2 pair of gloves
SInv    .            A - +0 pair of boots
Will    +....        S - amulet "Durumaoc" {Reflect Str+2 SH+5} Stlth
                     l - +4 ring of protection
HPRegen 0.45/turn    v - ring "Jegoschoa" {rElec rPois rC+ Str+6 Dex-2 Slay+4}
MPRegen 0.14/turn

%: reflection
@: lethally poisoned (0 -> -8)
A: horns 2, retaliatory headbutt
a: Renounce Religion, Evoke Blink, Wall Jump, Serpent's Lash, Heavenly Storm


You were on level 3 of the Swamp.
You worshipped Wu Jian.
Wu Jian was exalted by your worship.
You visited 4 branches of the dungeon, and saw 25 of its levels.
You also visited: Ice Cave.

You collected 2507 gold pieces.
You spent 438 gold pieces at shops.

Inventory:

Hand Weapons
 u - the +7 halberd of Ambiguity (weapon) {distort, +Blink rPois rN+ Int-4}
   (You found it on level 4 of the Dungeon)

   Int-4:     It affects your intelligence (-4).
   rPois:     It protects you from poison rN+: It protects you from negative
   energy.
   +Blink:    It lets you blink.
 J - the +7 war axe of the Scorching Gods {freeze, rCorr Stlth+}
   (You took it off a gnoll on level 8 of the Dungeon)

   rCorr:     It protects you from acid and corrosion.
   Stlth+:    It makes you more stealthy.
Missiles
 d - 4 throwing nets (quivered)
 e - a javelin
 K - 32 poisoned darts
Armour
 c - a +1 hat (worn)
 w - a +2 pair of gloves (worn)
 A - a +0 pair of boots (worn)
 I - a +4 crystal plate armour of cold resistance (worn)
 R - a scarf of resistance (worn)
Jewellery
 l - a +4 ring of protection (left hand)
 v - the ring "Jegoschoa" (right hand) {rElec rPois rC+ Str+6 Dex-2 Slay+4}
   (You found it on level 4 of the Lair of Beasts)

   [ring of strength]

   Str+6:     It affects your strength (+6).
   Dex-2:     It affects your dexterity (-2).
   Slay+4:    It affects your accuracy & damage with ranged weapons and melee
   (+4).
   rC+:       It protects you from cold.
   rElec:     It insulates you from electricity.
   rPois:     It protects you from poison
 B - a ring of willpower
 M - a ring of protection from fire
 Q - a +6 ring of intelligence
 S - the amulet "Durumaoc" (around neck) {Reflect Str+2 SH+5}
   (You found it on level 4 of the Lair of Beasts)

   [amulet of reflection]

   Reflect:   It reflects blocked missile attacks.
   Str+2:     It affects your strength (+2).
   SH+5:      It affects your SH (+5).
 V - a ring of resist corrosion
Wands
 y - a wand of flame (80)
 C - a wand of paralysis (18)
 E - a wand of mindburst (22)
 G - a wand of quicksilver (27)
 N - a wand of polymorph (5)
 W - a wand of roots (22)
 Y - a wand of digging (3)
Scrolls
 b - 18 scrolls of teleportation
 f - 8 scrolls of blinking
 g - 4 scrolls of immolation
 h - a scroll of brand weapon
 j - 5 scrolls of fear
 k - 2 scrolls of enchant weapon
 s - a scroll of vulnerability
 x - 2 scrolls of fog
 O - 4 scrolls of identify
 U - 4 scrolls of revelation
 X - a scroll of butterflies
Potions
 a - 2 potions of magic
 i - 2 potions of cancellation
 m - 8 potions of heal wounds
 n - 5 potions of resistance
 o - 3 potions of invisibility
 p - a potion of enlightenment
 q - a potion of berserk rage
 r - 3 potions of lignification
 t - 7 potions of might
 z - 7 potions of curing
 D - 3 potions of mutation
 F - 2 potions of attraction
 H - a potion of brilliance
 T - 2 potions of haste


   Skills:
 + Level 16.7 Fighting
 + Level 17.0 Polearms
 - Level 11.9 Throwing
 + Level 16.6 Armour
 + Level 15.6 Dodging


You had 15 spell levels left.
You didn't know any spells.
Your spell library contained the following spells:

 Spells                   Type           Power      Damage    Failure   Level
 Apportation              Tloc           0%         N/A       100%        1
 Kiss of Death            Conj/Necr      0%         2d5       100%        1
 Magic Dart               Conj           0%         1d3       100%        1
 Necrotise                Necr           0%         1d4       100%        1
 Shock                    Conj/Air       0%         1d3       100%        1
 Summon Small Mammal      Summ           0%         N/A       100%        1
 Blink                    Tloc           0%         N/A       100%        2
 Call Imp                 Summ           0%         N/A       100%        2
 Cigotuvi's Dreadful Rot  Necr/Pois/Air  0%         N/A       100%        2
 Ensorcelled Hibernation  Hex/Ice        0%         N/A       100%        2
 Jinxbite                 Hex            0%         N/A       100%        2
 Poisonous Vapours        Pois/Air       0%         N/A       100%        2
 Scorch                   Fire           0%         2d5       100%        2
 Sublimation of Blood     Necr           0%         N/A       100%        2
 Wereblood                Tmut           0%         N/A       100%        2
 Call Canine Familiar     Summ           0%         N/A       100%        3
 Confusing Touch          Hex            0%         N/A       100%        3
 Hailstorm                Conj/Ice       0%         3d3       100%        3
 Ignite Poison            Fire/Tmut/Pois 0%         N/A       100%        3
 Mephitic Cloud           Conj/Pois/Air  0%         N/A       100%        3
 Summon Guardian Golem    Hex/Summ       0%         N/A       100%        3
 Swiftness                Air            0%         N/A       100%        3
 Volatile Blastmotes      Fire/Tloc      0%         2d10      100%        3
 Airstrike                Air            0%         2d(0-16)  100%        4
 Anguish                  Hex/Necr       0%         N/A       100%        4
 Dispel Undead            Necr           0%         3d6       100%        4
 Flame Wave               Conj/Fire      0%         2d4       100%        4
 Fulminant Prism          Conj/Hex       0%         3d5       100%        4
 Iskenderun's Mystic Bla  Conj/Tloc      0%         2d3       100%        4
 Manifold Assault         Tloc           0%         N/A       100%        4
 Summon Ice Beast         Ice/Summ       0%         N/A       100%        4
 Agony                    Necr           0%         N/A       100%        5
 Alistair's Intoxication  Tmut/Pois      0%         N/A       100%        5
 Freezing Cloud           Conj/Ice/Air   0%         6-21      100%        5
 Irradiate                Conj/Tmut      0%         3d11      100%        5
 Simulacrum               Ice/Necr       0%         N/A       100%        6
 Summon Cactus Giant      Summ           0%         N/A       100%        6
 Malign Gateway           Summ/Tloc      0%         N/A       100%        7
 Summon Hydra             Summ           0%         N/A       100%        7
 Summon Horrible Things   Summ           0%         N/A       100%        8


Dungeon Overview and Level Annotations

Branches:
Dungeon (15/15)            Temple (0/1) D:7            Lair (5/5) D:9
  Swamp (3/4) Lair:3        Snake (0/4) Lair:3        Slime (0/5) Lair:4
    Orc (2/2) D:9             Elf (0/3) Orc:2        Vaults (0/5) D:14
 Depths (0/4) D:15          IceCv (visited)

Altars:
Ashenzari
Cheibriados
Dithmenos
Elyvilon
Fedhas
Hepliaklqana
Nemelex Xobeh
Okawaru
Qazlal
Vehumet
Wu Jian
Yredelemnul
Jiyva
Lugonu

Shops:
D:10 (   Orc:1 ![   Orc:2 *![(

Portals:
Abyss: Orc:1 Lair:5

Annotations:
D:3 exclusion: downstairs
Abyss:1 Grum; Kirke; Reaq's ghost, adept DjHu


Innate Abilities, Weirdness & Mutations

You have a pair of horns on your head.
You reflexively headbutt those who attack you in melee.


Message History

The spriggan air mage gestures at you while chanting.
The bolt of lightning hits you. You resist.
* * * LOW HITPOINT WARNING * * *
The mangrove smoulders and burns.
The spriggan druid hits you with a +0 spectral quarterstaff.
* * * LOW HITPOINT WARNING * * *
The +0 spectral quarterstaff hits you but does no damage.
You hear a shout!
You hear a roar!
You hear a shout! x2
You feel very sick. The fenstrider witch hits you!
* * * LOW HITPOINT WARNING * * *
The fenstrider witch kicks you but does no damage.
The spriggan druid hits you but does no damage.
The +0 spectral quarterstaff hits you but does no damage.
The spriggan air mage hits you but does no damage.
You feel very sick.
The fenstrider witch points at you and mumbles some strange words.
Your body is wracked with pain!
* * * LOW HITPOINT WARNING * * *
The spriggan air mage waves its arms in wide circles.
The air twists around and strikes you.
* * * LOW HITPOINT WARNING * * *
The spriggan druid hits you but does no damage.
The +0 spectral quarterstaff hits you!
* * * LOW HITPOINT WARNING * * *
The fenstrider witch hits you but does no damage.
The fenstrider witch kicks you but does no damage.
* * * LOW HITPOINT WARNING * * *
You feel very sick. The spriggan air mage hits you.
* * * LOW HITPOINT WARNING * * *
The spriggan druid calls out to the beasts of the wild!
The fenstrider witch casts a spell at you.
You feel a surge of unholy energy.
You can move again.
Blink to where?
Press: ? - help, Dir - move target A death drake comes into view.
As you read the scroll of blinking, it crumbles to dust.
You die...

♣♣~~♣...~.. .♣♣.♣~...♣.
♣..~~~.~♣♣♣♣♣ .♣♣.~..♣.♣♣.♣♣♣♣#
.♣.♣...~~.~..~♣^♣
♣.~~~..♣.....~.~♣
♣.~♣........§..~♣#♣♣#♣♣
.♣.♣♣.~♣.....[~.~†.~~.#♣#♣♣#♣#~
.♣♣~~....~..~...@.~.~(.~~~~~~.~
♣♣♣.♣..♣..~~.~.~~~..~.~~.~~..♣
♣♣♣♣♣~..♣~~.~..~..~..D.~~)..♣~♣
=♣♣~~..~♣♣♣♣~.~k.~.~~..~i.~.../
..~.~~~♣♣ ♣~♣♣~.......~§iD.~~.♣
..♣)..♣≈≈≈♣♣ ♣♣~......~~H~♣♣~~.
~§.~..♣≈≈≈≈♣ ♣♣.)..~......♣
~..~..♣♣♣≈≈♣ ♣♣...§~.~.~♣...
.~....♣ ≈≈♣ ♣..~♣♣~~.♣♣♣ ..♣


You could see a death drake (wandering), a swamp dragon and a +0 spectral
quarterstaff.

Vanquished Creatures
  Jorgrun (Swamp:3)
  Agnes (D:15)
  2 thorn hunters (Swamp:3)
  A fenstrider witch (Swamp:2)
  The ghost of Ozzieoiler the Severer, a journeyman AtBe of Trog (D:15)
  4 eleionomae
  2 dire elephants
  A bunyip (Swamp:1)
  2 ghost crabs
  An ice dragon (shapeshifter) (D:15)
  Fannar (Lair:2)
  3 vault guards (D:14)
  A catoblepas (Lair:4)
  9 hydras
  2 centaur warriors
  2 alligators (Swamp:2)
  Erica (Lair:2)
  An anaconda (Lair:5)
  2 two-headed ogres
  3 boulder beetles
  An orc high priest (Orc:2)
  2 tengu warriors
  2 thrashing horrors (Lair:5)
  4 skeletal warriors (D:13)
  6 goliath frogs
  4 spriggan druids (Swamp:2)
  A swamp dragon (Swamp:2)
  3 bog bodies
  2 necromancers
  An orc knight (Orc:1)
  A mana viper (shapeshifter) (D:14)
  A deep elf pyromancer (D:15)
  2 oklob plants (Lair:4)
  14 ugly things
  5 orc sorcerers
  A wolf spider (D:15)
  A will-o-the-wisp (Swamp:2)
  5 cyclopes
  6 manticores
  2 salamanders
  4 black mambas
  A black mamba (shapeshifter) (D:15)
  8 cane toads
  2 ice statues (IceCv)
  2 torpor snails (Lair:5)
  6 rime drakes
  3 unseen horrors
  2 freezing wraiths
  6 komodo dragons
  2 anaconda simulacra (IceCv)
  5 ice devils (IceCv)
  9 tyrant leeches
  A bloated husk (Swamp:2)
  5 trolls
  3 polar bears
  3 hornets
  26 blink frogs
  A raiju (Lair:5)
  15 slime creatures
  26 yaks
  2 wraiths
  2 dire elephant simulacra (IceCv)
  7 spriggans
  3 shadows
  3 wyverns
  6 hogs (D:12)
  7 humans (D:14)
  Eustachio (D:6)
  6 basilisks
  3 ynoxinuls (Lair:5)
  6 steam dragons
  A death yak simulacrum (IceCv)
  2 chaos spawn (Lair:5)
  18 vampire mosquitoes
  11 small abominations (Lair:5)
  A swamp worm (shapeshifter) (Lair:5)
  3 harpy simulacra (IceCv)
  4 nagas (Lair:3)
  13 swamp worms
  Edmund (D:5)
  3 wargs
  4 acid dragons
  18 water moccasins
  2 hydra simulacra (IceCv)
  2 black bears
  20 orc warriors
  A sky beast (D:7)
  An ogre (D:4)
  38 wolves
  A boggart (D:15)
  15 centaurs
  2 phantoms
  3 kobold brigands
  15 bullfrogs
  A gnoll sergeant (D:8)
  4 scorpions
  A two-headed ogre simulacrum (IceCv)
  22 wights
  An elephant simulacrum (IceCv)
  18 killer bees
  4 howler monkeys (D:9)
  An electric eel (Lair:1)
  3 hounds
  28 orc priests
  2 jellies
  A gnoll bouda (D:9)
  Crazy Yiuf (D:6)
  2 sleepcaps
  Natasha (thrice) (D:2)
  5 iguanas
  31 orc wizards
  A hell rat (Lair:5)
  A wolf simulacrum (IceCv)
  3 adders
  18 gnolls
  2 naga simulacra (IceCv)
  2 shadow imps
  2 ufetubi (D:5)
  A worm (D:4)
  A dart slug (D:2)
  54 orcs
  5 bats
  9 endoplasms
  4 giant cockroaches
  3 goblins
  4 hobgoblins
  2 jackals (D:5)
  5 quokkas
  12 ball pythons
  3 frilled lizards
  15 kobolds
  6 rats
  A lurking horror (Orc:1)
742 creatures vanquished.

Vanquished Creatures (others)
  A troll (D:9)
  2 bloated husks (Swamp:1)
  A tyrant leech (Swamp:2)
  A human (D:14)
  An orc wizard (Orc:2)
6 creatures vanquished.

Grand Total: 748 creatures vanquished

Notes
Turn   | Place    | Note
-------+----------+-------------------------------------------
     0 | D:1      | Geeful the Minotaur Gladiator began the quest for the Orb.
     0 | D:1      | Reached XP level 1. HP: 18/18 MP: 0/0
   288 | D:1      | Reached XP level 2. HP: 25/25 MP: 1/1
   418 | D:1      | Reached skill level 1 in Armour
   832 | D:2      | Identified the +2 robe of the Armoured One {+Blink rC+ rN+}
   848 | D:2      | Reached XP level 3. HP: 28/30 MP: 2/2
   860 | D:2      | Reached skill level 4 in Polearms
   941 | D:2      | Noticed Natasha
   943 | D:2      | Killed Natasha
  1129 | D:2      | Noticed Natasha
  1139 | D:2      | Killed Natasha
  1140 | D:2      | Reached XP level 4. HP: 25/38 MP: 3/3
  1451 | D:2      | Noticed Natasha
  1455 | D:2      | Killed Natasha
  1688 | D:3      | Reached XP level 5. HP: 45/45 MP: 4/4
  2239 | D:4      | Reached XP level 6. HP: 52/52 MP: 5/5
  2313 | D:4      | Reached skill level 5 in Polearms
  2364 | D:4      | Identified the +7 halberd of Ambiguity {distort, +Blink
                  | rPois rN+ Int-4}
  2743 | D:5      | Entered Level 5 of the Dungeon
  2751 | D:4      | Reached XP level 7. HP: 42/60 MP: 6/6
  2819 | D:4      | Reached skill level 5 in Dodging
  2909 | D:5      | Reached skill level 5 in Fighting
  2932 | D:5      | Reached skill level 6 in Polearms
  2984 | D:5      | Found an ornate altar of the Wu Jian Council.
  2996 | D:5      | Reached XP level 8. HP: 69/69 MP: 7/7
  3079 | D:5      | Noticed Edmund
  3083 | D:5      | Killed Edmund
  3135 | D:5      | Became a worshipper of the Wu Jian Council
  3230 | D:6      | Reached skill level 5 in Armour
  3242 | D:6      | Reached skill level 5 in Throwing
  3259 | D:6      | Found a basalt altar of Yredelemnul.
  3260 | D:6      | Found a sparkling altar of Nemelex Xobeh.
  3261 | D:6      | Found a stormy altar of Qazlal.
  3261 | D:6      | Found a snail-covered altar of Cheibriados.
  3261 | D:6      | Found a white marble altar of Elyvilon.
  3261 | D:6      | Found a shadowy altar of Dithmenos.
  3279 | D:6      | Noticed a two-headed ogre
  3286 | D:6      | Killed a two-headed ogre
  3287 | D:6      | Reached skill level 7 in Polearms
  3287 | D:6      | Reached XP level 9. HP: 69/78 MP: 8/8
  3348 | D:6      | Noticed Eustachio
  3353 | D:6      | Killed Eustachio
  3621 | D:6      | Found a runed translucent door.
  3622 | D:6      | Noticed Crazy Yiuf
  3627 | D:6      | Killed Crazy Yiuf
  4112 | D:7      | Found an iron altar of Okawaru.
  4275 | D:7      | Reached skill level 8 in Polearms
  4280 | D:7      | Reached * piety under Wu Jian
  4518 | D:7      | Found a staircase to the Ecumenical Temple.
  4774 | D:7      | Reached XP level 10. HP: 85/88 MP: 9/9
  5069 | D:7      | Found a radiant altar of Vehumet.
  5365 | D:8      | Identified the +7 war axe of the Scorching Gods {freeze,
                  | rCorr Stlth+}
  5586 | D:8      | Found a broken altar of Ashenzari.
  5586 | D:8      | Found a faded altar of an unknown god.
  5599 | D:8      | Found a hazy altar of Hepliaklqana.
  5604 | D:8      | Found a faded altar of an unknown god.
  5607 | D:8      | Found a blossoming altar of Fedhas.
  5654 | D:8      | Found the +18 Lear's hauberk
  5778 | D:8      | Reached ** piety under Wu Jian
  5971 | D:9      | Reached skill level 9 in Polearms
  6067 | D:9      | Noticed a two-headed ogre
  6087 | D:9      | Killed a two-headed ogre
  6266 | D:9      | Reached *** piety under Wu Jian
  6267 | D:9      | Reached XP level 11. HP: 95/97 MP: 10/10
  6313 | D:9      | Found a staircase to the Orcish Mines.
  6452 | D:9      | Reached skill level 10 in Polearms
  6637 | D:9      | Found a staircase to the Lair.
  6940 | Lair:1   | Entered Level 1 of the Lair of Beasts
  6940 | Lair:1   | Noticed Grum
  6954 | Lair:1   | Reached **** piety under Wu Jian
  6955 | Lair:1   | Banished Grum
  6960 | Lair:1   | Reached skill level 10 in Fighting
  7381 | Lair:1   | Reached skill level 10 in Armour
  7453 | Lair:1   | Reached skill level 10 in Dodging
  7858 | Lair:2   | Reached skill level 11 in Polearms
  7908 | Lair:2   | Noticed Fannar
  7919 | Lair:2   | Killed Fannar
  8107 | Lair:2   | Reached XP level 12. HP: 76/108 MP: 11/11
  8409 | Lair:2   | Noticed Erica
  8419 | Lair:2   | Killed Erica
  8960 | Lair:3   | Found a staircase to the Snake Pit.
  8973 | Lair:3   | Noticed a four-headed hydra
  8989 | Lair:3   | Killed a nine-headed hydra
  9057 | Lair:3   | Reached ***** piety under Wu Jian
  9287 | Lair:3   | Noticed a boulder beetle
  9300 | Lair:3   | Killed a boulder beetle
  9698 | Lair:3   | Noticed a four-headed hydra
  9701 | Lair:3   | Banished a five-headed hydra
  9702 | Lair:3   | Reached skill level 12 in Polearms
  9866 | Lair:3   | Found a staircase to the Swamp.
 10190 | Lair:4   | Identified the amulet "Durumaoc" {Reflect Str+2 SH+5}
 10239 | Lair:4   | Reached skill level 10 in Throwing
 10280 | Lair:4   | Identified the +1 ring mail of Koutud {rC+ Regen+ Slay-5}
 10302 | Lair:4   | Noticed a catoblepas
 10306 | Lair:4   | Killed a catoblepas
 10354 | Lair:4   | Found a frozen archway.
 10365 | IceCv    | Entered an ice cave
 10480 | IceCv    | Reached XP level 13. HP: 118/118 MP: 12/12
 11311 | Lair:4   | Found a staircase to the Slime Pits.
 11312 | Lair:4   | Found a viscous altar of Jiyva.
 11656 | Lair:4   | Reached skill level 13 in Polearms
 11770 | Lair:4   | Identified the ring "Jegoschoa" {rElec rPois rC+ Str+6
                  | Dex-2 Slay+4}
 11934 | Lair:5   | Entered Level 5 of the Lair of Beasts
 12136 | Lair:5   | Identified the +2 pair of boots of the Arcane {rF- rN+++
                  | Int+4}
 12442 | Lair:5   | Reached ****** piety under Wu Jian
 12795 | Lair:5   | Found a corrupted altar of Lugonu.
 12795 | Lair:5   | Found a one-way gate to the infinite horrors of the Abyss.
 12921 | Lair:5   | Reached XP level 14. HP: 109/129 MP: 13/13
 13338 | Lair:5   | Reached skill level 14 in Polearms
 13629 | Orc:1    | Entered Level 1 of the Orcish Mines
 13751 | Orc:1    | Found a corrupted altar of Lugonu.
 13939 | Orc:1    | Found Eghycvebok's Distillery.
 13962 | Orc:1    | Bought a potion of heal wounds for 65 gold pieces
 13962 | Orc:1    | Bought a potion of heal wounds for 65 gold pieces
 14133 | Orc:1    | Found Puty's Antique Armour Shop.
 14303 | Orc:2    | Entered Level 2 of the Orcish Mines
 14408 | Orc:2    | Found a staircase to the Elven Halls.
 14842 | Orc:2    | Found Olajumi's General Store.
 14917 | Orc:2    | Paralysed by an orc sorcerer for 5 turns
 15376 | Orc:2    | Found Biliex's Antique Armour Emporium.
 15376 | Orc:2    | Found Ameo's Distillery.
 15382 | Orc:2    | Found Mihiblaupp's Distillery.
 15487 | Orc:2    | Found Qyimud's Antique Weapon Shoppe.
 15681 | Orc:2    | Bought a potion of heal wounds for 70 gold pieces
 15681 | Orc:2    | Bought a potion of berserk rage for 70 gold pieces
 15681 | Orc:2    | Bought a potion of might for 56 gold pieces
 15681 | Orc:2    | Bought a potion of mutation for 112 gold pieces
 15803 | D:10     | Entered Level 10 of the Dungeon
 15980 | D:10     | Found Nedaalles's Weapon Shoppe.
 16241 | D:10     | You fall into a shaft and drop 1 floor!
 17516 | D:12     | Noticed Kirke
 17525 | D:12     | Banished Kirke
 18036 | D:13     | Reached skill level 15 in Polearms
 18192 | D:13     | Identified the +1 scale mail "Deiwuqaa" {Harm}
 18356 | D:14     | Reached XP level 15. HP: 130/139 MP: 14/14
 18659 | D:14     | Reached skill level 15 in Fighting
 19030 | D:14     | Reached skill level 15 in Armour
 19475 | D:14     | Found a gate to the Vaults.
 19640 | D:15     | Entered Level 15 of the Dungeon
 19783 | D:15     | Found a white marble altar of Elyvilon.
 20101 | D:15     | Noticed Agnes
 20111 | D:15     | Killed Agnes
 20237 | D:15     | Found a runed translucent door.
 20241 | D:15     | Identified the +5 spear of Inteabru {protect, rElec Str+3}
 20242 | D:15     | Noticed Ozzieoiler's ghost (journeyman AtBe)
 20466 | D:15     | Found a staircase to the Depths.
 20483 | D:15     | Reached skill level 16 in Polearms
 20573 | D:15     | Killed Ozzieoiler's ghost
 20645 | D:15     | Identified the ring of Zaoth {Wiz Dex+2 Stlth+}
 20842 | Swamp:1  | Entered Level 1 of the Swamp
 21494 | Swamp:1  | Reached skill level 15 in Dodging
 22291 | Swamp:2  | Reached XP level 16. HP: 131/151 MP: 15/15
 22967 | Swamp:3  | Identified the "Mitheo"
 23227 | Swamp:3  | Noticed a thorn hunter
 23236 | Swamp:3  | Killed a thorn hunter
 23422 | Swamp:3  | Found a large runed translucent door.
 23422 | Swamp:3  | Found a large runed translucent door.
 23426 | Swamp:3  | Noticed Reaq's ghost (adept DjHu)
 23435 | Swamp:3  | Banished Reaq's ghost
 23641 | Swamp:3  | Noticed Jorgrun
 23646 | Swamp:3  | Noticed a thorn hunter
 23651 | Swamp:3  | Killed Jorgrun
 23660 | Swamp:3  | Killed a thorn hunter
 23724 | Swamp:3  | Reached skill level 17 in Polearms
 23782 | Swamp:3  | Paralysed by a fenstrider witch for 4 turns
 23785 | Swamp:3  | HP: 5/152 [+0 spectral quarterstaff[a spriggan druid] (10)]
 23786 | Swamp:3  | HP: 2/152 [poisoned by a fenstrider witch]
 23787 | Swamp:3  | Succumbed to a fenstrider witch's poison

Illustrated notes

Levels and vault maps discovered:
D:1:      amcnicky_arrival_flooded_fountain, layout_loops_ring, serial_glass,
          glass_columns_b, glass_columns_c
D:2:      layout_basic, uniq_natasha
D:3:      minmay_inner_zag, layout_rooms
D:4:      layout_rooms, serial_glass, glass_columns_b, glass_columns_c
D:5:      layout_gridville, nzn_wu_jian_contemplation, uniq_edmund
D:6:      nicolae_cairo_tiling_large, layout_layer_cave,
          grunt_temple_overflow_open, uniq_eustachio, uniq_crazy_yiuf_cottage
D:7:      layout_cave_pods, kennysheep_mini, okawaru_trees_2,
          minmay_temple_entry_slanted
D:8:      layout_loops_ring, chequers_temple_overflow_minitemple,
          hellmonk_guarded_unrand_lears
D:9:      minmay_the_grid_square_5x5_3x3
          [minmay_the_grid_square_5x5_two_walls_b,
          minmay_the_grid_square_5x5_spiral, minmay_the_grid_square_5x5_tie,
          minmay_the_grid_square_5x5_percent,
          minmay_the_grid_square_5x5_megaprize_hollow,
          minmay_the_grid_square_5x5_bridge,
          minmay_the_grid_square_5x5_shuriken,
          minmay_the_grid_square_5x5_checkered_statues,
          minmay_the_grid_square_5x5_hollow_slash], layout_loops_cross,
          david_orc_4
D:10:     layout_loops_cross, serial_shops, shop
D:11:     layout_irregular_city, kennysheep_cluttered_room
D:12:     layout_basic, uniq_kirke
D:13:     layout_cave_pools, chequers_serial_rivers_micro_c,
          hangedman_abyss_or_decor_stabs
D:14:     layout_loops_corners, ximxim_vaults_locker_room, nicolae_titane,
          kennysheep_windowed_goal
D:15:     hangedman_depths_entry_try_elsewhere_first, layout_small_grid,
          ebering_ghost_funeral_grove, elyvilon_altar_1, uniq_agnes
Lair:1:   layout_cave_shapes, infiniplex_staircase_pool, uniq_grum
Lair:2:   layout_cellular_growth, minivault_24, chequers_serial_rivers_micro_b,
          nicolae_lair_lil_pond, uniq_fannar, uniq_erica
Lair:3:   layout_cave_shapes, palyth_hydra_swamp_entry,
          minmay_snake_entry_guardpost_small, grunt_megastairs_4
Lair:4:   layout_cave_pods, minmay_slime_entry_oklob_open, portal_ice_cave_rime,
          lemuel_fruit_tree, serial_bayou_shore_b, grunt_megastairs_2
Lair:5:   hellmonk_lair_end_abyssal_woods, layout_gridlike,
          nicolae_lair_lakeside_cave
Swamp:1:  layout_falls_marsh, serial_swamp_ruin, evilmike_swamp_ruin_house_5,
          evilmike_swamp_ruin_house_4, swamp_pool2
Swamp:2:  nicolae_swamp_standing_stones, layout_basic_swamp,
          evilmike_swamp_ruin_house_3
Swamp:3:  nzn_winding_woodlands_three_and_one
          [nzn_winding_woodlands_5x15_crooked, nzn_winding_woodlands_5x15_pool,
          nzn_winding_woodlands_5x15_lazy_stream,
          nzn_winding_woodlands_center_pierced_h], layout_falls_marsh,
          ebering_ghost_disaster_area, evilmike_swamp_ruin_rubble_1,
          swamp_pool3, nicolae_swamp_very_dense_foliage, uniq_jorgrun
Orc:1:    layout_diamond_mine, basic_altar, serial_shops,
          nicolae_shop_dealshenge, shop, amcnicky_altar_lugonu_corruption
Orc:2:    st_orc_mages, layout_caves, serial_shops, shop

Skill      XL: |  1  2  3  4  5  6  7  8  9 10 11 12 13 14 15 16 |
---------------+-------------------------------------------------+-----
Armour         | 1 2 3 4 6 7 9 10 11 13 14 16 | 16.6
Polearms       | 4 5 6 7 8 9 11 12 13 15 16 17 | 17.0
Fighting       | 3 4 5 6 8 9 10 12 13 14 16 | 16.7
Dodging        | 4 5 6 7 9 10 11 12 13 15 | 15.6
Throwing       | 3 4 5 6 7 9 10 11 | 11.9

Action                     |  1- 3 |  4- 6 |  7- 9 | 10-12 | 13-15 | 16-18 || total
---------------------------+-------+-------+-------+-------+-------+-------++-------
  Melee: Trident           |    76 |    86 |       |       |       |       ||   162
         Headbutt          |     9 |     4 |    11 |    75 |   198 |    24 ||   321
         Punch             |     1 |     1 |       |       |       |       ||     2
         Halberd           |       |    23 |   144 |   501 |  1054 |   165 ||  1887
Ability: Lunge             |       |       |     2 |    14 |    25 |     7 ||    48
         Whirlwind         |       |       |     1 |     5 |    15 |     5 ||    26
  Evoke: Wand              |       |       |       |     1 |       |       ||     1
    Use: Scroll            |       |     7 |     3 |    13 |     7 |     3 ||    33
         Potion            |       |       |       |       |     2 |       ||     2
   Stab: Distracted        |       |       |       |     1 |     1 |       ||     2
 Armour: Leather armour    |     2 |       |       |       |       |       ||     2
         Ring mail         |    27 |       |       |       |       |       ||    27
         Chain mail        |     9 |    37 |       |   228 |    34 |       ||   308
         Plate armour      |       |    31 |   131 |    17 |       |       ||   179
         Crystal plate arm |       |       |       |       |   656 |   148 ||   804
  Dodge: Dodged            |    29 |    62 |    61 |   220 |   321 |    55 ||   748
  Block: Other             |       |       |       |    72 |   143 |    10 ||   225
         Reflection        |       |       |       |     2 |    12 |     1 ||    15

Table legend: (Time is in decaauts)
 A = Elapsed time spent in this place.
 B = Non-inter-level travel time spent in this place.
 C = Inter-level travel time spent in this place.
 D = Time resting spent in this place.
 E = Time spent auto-exploring this place.
 F = Levels seen in this place.
 G = Mean time per level.
                   A        B        C        D        E       F      G
               +--------+--------+--------+--------+--------+-----+--------+
         Total |  23711 |  22529 |   1182 |   2281 |  14368 |  26 |  912.0 |
       Dungeon |  12188 |  11574 |    614 |    554 |   8604 |  15 |  812.5 |
          Lair |   6116 |   5756 |    360 |    509 |   3925 |   5 | 1223.2 |
         Swamp |   2652 |   2594 |     58 |    632 |   1275 |   3 |  884.0 |
  Orcish Mines |   2089 |   1940 |    149 |    360 |    563 |   2 | 1044.5 |
      Ice Cave |    663 |    663 |      0 |    225 |      0 |   1 |  663.0 |
               +--------+--------+--------+--------+--------+-----+--------+

Top non-repeatable levels by time:
  Lair:3: 1678 daAuts
  Lair:5: 1529 daAuts
     D:9: 1345 daAuts
    D:14: 1311 daAuts
   Orc:2: 1287 daAuts
 Swamp:2: 1148 daAuts
  Lair:4: 1104 daAuts
  Lair:2: 1076 daAuts
    D:15: 1009 daAuts
     D:7: 1000 daAuts
     D:6: 927 daAuts
     D:8: 879 daAuts
     D:2: 873 daAuts
 Swamp:3: 829 daAuts
   Orc:1: 802 daAuts
